 Dungeon Crawl Stone Soup version 0.30-a0-916-g9813417 (webtiles) character file.

Game seed: 5170929337744745924

18 Meow the Sneak (level 2, 22/22 HPs)
             Began as a Naga Conjurer on Apr 5, 2023.
             Quit the game on level 2 of the Dungeon.
             The game lasted 00:03:18 (880 turns).

Meow the Sneak (Naga Conjurer)                       Turns: 880, Time: 00:03:20

Health: 22/22      AC:  1    Str:  9    XL:     2   Next: 66%
Magic:  4/5        EV:  9    Int: 18    God:
Gold:   77         SH:  0    Dex:  9    Spells: 4/5 levels left

rFire   . . .      SeeInvis +    a - +1 short sword
rCold   . . .      Faith    .    (no shield)
rNeg    . . .      Spirit   .    i - +0 robe
rPois   +          Reflect  .    (no helmet)
rElec   .          Rampage  .    (no cloak)
rCorr   .                        (no gloves)
Will    .....                    (no barding)
Stlth   +++                      (no amulet)
HPRegen 0.23/turn                (no ring)
MPRegen 0.09/turn                (no ring)

@: short of breath, very slow
A: AC +0, large, see invisible, deformed body, poison resistance, slowness 2,
spit poison 1, naga tail 1
a: Spit Poison


You were on level 2 of the Dungeon.
You visited 1 branch of the dungeon, and saw 2 of its levels.

You collected 77 gold pieces.

Inventory:

Hand Weapons
 a - a +1 short sword (weapon)
Missiles
 f - 14 stones
Armour
 i - a +0 robe (worn)
Scrolls
 d - a scroll of enchant weapon
 e - a scroll of enchant armour {unknown}
 g - a scroll of immolation {unknown}
 k - a scroll of identify {unknown}
Potions
 b - a potion of magic
 c - a potion of mutation {unknown}
 h - 2 potions of curing {unknown}
 j - a potion of brilliance {unknown}


   Skills:
 - Level 1.5 Dodging
 + Level 5.0 Stealth
 - Level 2.0 Spellcasting
 - Level 4.0 Conjurations


You had 4 spell levels left.
You knew the following spells:

 Your Spells              Type           Power      Damage    Failure   Level
a - Magic Dart            Conj           64%        1d6       3%          1

Your spell library contained the following spells:

 Spells                   Type           Power      Damage    Failure   Level
 Searing Ray              Conj           32%        2d5       5%          2
 Dazzling Flash           Conj/Hex       18%        N/A       24%         3
 Lesser Beckoning         Tloc           2%         N/A       26%         2
 Gell's Gravitas          Tloc           1%         N/A       47%         3
 Teleport Other           Tloc           1%         N/A       47%         3
 Fulminant Prism          Conj/Hex       4%         3d5       61%         4
 Iskenderun's Mystic Bla  Conj/Tloc      9%         2d4       61%         4


Dungeon Overview and Level Annotations

Branches:
Dungeon (2/15)

Altars:


Innate Abilities, Weirdness & Mutations

Your serpentine skin is tough. (AC +0)
You have supernaturally acute eyesight. (SInv)
Armour fits poorly on your strangely shaped body.
Your system is resistant to poisons. (rPois)
You cover ground very slowly.
You can spit poison.
You have a snake-like lower body.


Message History

Done exploring.
As you read the scroll labelled SUIMO YLUETAE, it crumbles to dust.
It is a scroll of enchant weapon.
Your +0 short sword glows red for a moment.
Okay, then.
There is a stone staircase leading down here.
You climb downwards.
There is a stone staircase leading up here.
f - 14 stones (gained 4) Key pressed, stopping explore.
You now have 77 gold pieces (gained 17).
A giant cockroach comes into view.
Aiming: Spit Poison (2% risk of failure)
Press: ? - help, Shift-Dir - straight line, f - giant cockroach
Aim: a giant cockroach (asleep, 100% to hit)
You fail to use your ability.
Unknown command.
Casting: Magic Dart (safe; 3% risk of failure)
Confirm with . or Enter, or press ? or * to list all spells.
You don't know that spell.
Unknown command.
Unknown command.
Aiming: Spit Poison (2% risk of failure)
Press: ? - help, Shift-Dir - straight line, f/p - giant cockroach
Aim: a giant cockroach (59% to hit)
The splash of poison hits the giant cockroach.
The giant cockroach is poisoned.
The giant cockroach is severely wounded.
Casting: Magic Dart (safe; 3% risk of failure)
Confirm with . or Enter, or press ? or * to list all spells.
Aiming: Magic Dart (safe; 3% risk of failure)
Press: ? - help, Shift-Dir - straight line, f/p - giant cockroach
Aim: a giant cockroach (severely wounded, poisoned, 100% to hit)
The magic dart hits the giant cockroach.
You kill the giant cockroach!
Your Stealth skill increases to level 5!
Unknown command.
Okay, then.
Unknown command.
Are you sure you want to abandon this character and quit the game? (Confirm with "yes".)

#########
#.......# #.
#.#####.# #.
#.# #.# #. #.#
#.# #. #@# #.#
#. #.#
#.#########.
#..
#........##.
###.
########.##. ..
...........
###########.###
#<..........#
###########.#
###


There were no monsters in sight!

Vanquished Creatures
  2 bats (D:1)
  An endoplasm (D:1)
  A giant cockroach (D:2)
  A goblin (D:1)
  3 hobgoblins (D:1)
  3 ball pythons (D:1)
  2 kobolds (D:1)
  3 rats (D:1)
16 creatures vanquished.

Notes
Turn   | Place    | Note
-------+----------+-------------------------------------------
     0 | D:1      | Meow the Naga Conjurer began the quest for the Orb.
     0 | D:1      | Reached XP level 1. HP: 15/15 MP: 3/3
   332 | D:1      | Reached skill level 4 in Stealth
   341 | D:1      | Reached XP level 2. HP: 22/22 MP: 1/5
   880 | D:2      | Reached skill level 5 in Stealth
   880 | D:2      | Quit the game

Illustrated notes

Levels and vault maps discovered:
D:1:      dpeg_arrival_simpleton_c, layout_basic, minmay_hexomino_u4
D:2:      layout_basic, minivault_25, dk_noncrumbling_3, uniq_robin

Skill      XL: |  1  2 |
---------------+-------+-----
Stealth        | 4 5 |  5.0
Dodging        | |  1.5
Spellcasting   | |  2.0
Conjurations   | |  4.0

Action                     || total
---------------------------++-------
   Cast: Magic Dart        ||    18
Ability: Spit Poison       ||     7
    Use: Scroll            ||     1

Table legend: (Time is in decaauts)
 A = Elapsed time spent in this place.
 B = Non-inter-level travel time spent in this place.
 C = Inter-level travel time spent in this place.
 D = Time resting spent in this place.
 E = Time spent auto-exploring this place.
 F = Levels seen in this place.
 G = Mean time per level.
                   A        B        C        D        E       F      G
               +--------+--------+--------+--------+--------+-----+--------+
         Total |   1117 |   1103 |     14 |    218 |    791 |   2 |  558.5 |
       Dungeon |   1117 |   1103 |     14 |    218 |    791 |   2 |  558.5 |
               +--------+--------+--------+--------+--------+-----+--------+

Top non-repeatable levels by time:
     D:1: 1052 daAuts
     D:2: 64 daAuts
